 Dungeon Crawl Stone Soup version 0.20.1-1-g8b1a95d (webtiles) character file.

142 n0claF the Caller (level 5, -9/28 HPs)
             Began as a Deep Elf Summoner on Oct 31, 2017.
             Killed from afar by Ijyb (18 damage)
             ... with a wand of acid (?/15)
             ... on level 3 of the Dungeon.
             The game lasted 00:11:11 (2879 turns).

n0claF the Caller (Deep Elf Summoner)               Turns: 2879, Time: 00:11:16

Health: -9/28      AC:  2    Str:  5    XL:     5   Next: 3%
Magic:  3/13       EV: 13    Int: 21    God:
Gold:   78         SH:  0    Dex: 15    Spells: 2/12 levels left

rFire    . . .     SeeInvis .   k - +0 spear
rCold    . . .     Gourm    .   (no shield)
rNeg     . . .     Faith    .   a - +0 robe
rPois    .         Spirit   .   (no helmet)
rElec    .         Reflect  .   (no cloak)
rCorr    .         Harm     .   (no gloves)
MR       .....                  (no boots)
Stlth    ++........             (no amulet)
Regen    0.1/turn               (no ring)
MPRegen  0.2/turn               (no ring)

@: no status effects
A: no striking features
a: no special abilities


You were on level 3 of the Dungeon.
You were hungry.

You visited 1 branch of the dungeon, and saw 3 of its levels.

You collected 78 gold pieces.

Inventory:

Hand Weapons
 k - a +0 spear (weapon)
Armour
 a - a +0 robe (worn)
Jewellery
 q - an uncursed amulet of magic regeneration {unknown}
Scrolls
 d - 2 scrolls of identify {unknown}
 h - a scroll of enchant armour {unknown}
 j - a scroll of noise {unknown}
 l - a scroll of immolation {unknown}
 p - 2 scrolls of fog {unknown}
 t - a scroll of enchant weapon {unknown}
 v - a scroll of fear {unknown}
 w - a scroll of magic mapping {unknown}
 y - 2 scrolls of remove curse {unknown}
 B - a scroll of teleportation {unknown}
Potions
 e - 2 potions of curing {unknown}
 f - 2 potions of agility {unknown}
 g - a potion of berserk rage {unknown}
 i - a potion of brilliance {unknown}
 o - a potion of mutation {unknown}
 r - a potion of magic {unknown}
 u - a potion of ambrosia {unknown}
 x - a potion of might {unknown}
 z - a potion of resistance {unknown}
 C - a potion of cancellation {unknown}
Books
 b - a book of Callings

   Spells                             Type                      Level
   a - Summon Small Mammal            Summoning                    1
   b - Call Imp                       Summoning                    2
   c - Call Canine Familiar           Summoning                    3
   d - Summon Guardian Golem          Hexes/Summoning              3
   e - Summon Lightning Spire         Summoning/Air                4
   f - Summon Ice Beast               Ice/Summoning                4
Comestibles
 c - a bread ration
 m - a meat ration
 n - 4 fruits
 s - a royal jelly


   Skills:
 + Level 0.7 Fighting
 + Level 1.1 Polearms
 + Level 2.6 Dodging
 + Level 3.0 Stealth
 + Level 4.4 Spellcasting
 + Level 5.5 Summonings


You had 2 spell levels left.
You knew the following spells:

 Your Spells              Type           Power        Failure   Level  Hunger
a - Summon Small Mammal   Summ           ####         1%          1    None
b - Call Imp              Summ           ####....     1%          2    #......
c - Call Canine Familiar  Summ           ####....     3%          3    ##.....
d - Summon Ice Beast      Ice/Summ       ###.....     36%         4    ####...


Dungeon Overview and Level Annotations

Branches:
Dungeon (3/15)

Altars:
Qazlal

Annotations:
D:3 Ijyb


Message History

Ijyb is nearby!
Casting: Summon Small Mammal
Confirm with . or Enter, or press ? or * to list all spells.
Ijyb shouts!
What are your orders? t - Shout!
Orders for allies: a - Attack new target. r - Retreat! s - Stop attacking. g - Guard the area. f - Follow me.
Anything else - Cancel.
Gang up on whom?
Press: ? - help, Dir - move target cursor, f - Ijyb
Aim: Ijyb, wielding a dagger of protection, wearing a leather armour and carrying a wand of acid (?/15) {zapped: 1} (lightly wounded) Attack!
Ijyb zaps a wand.
The bolt of acid hits your hound.
Your hound is splashed with acid.
The acid corrodes your hound!
Your hound dies!
Your hound's corpse disappears in a puff of smoke!
The bolt of acid hits you!
Ouch! That really hurt!
You die...

....... ?..
.....#..#.#...#
.g#>.........#
.. #ho..##..#..#
>...#....##g....
#.....#
#...####..
.....##.#
#........ ...
#.###§...# .
#..†@...###
###<........§.
#.###.##.##§ #.#
.# # ... .# #...
.. #.... .#
#...( .# ....##


You could see Ijyb.

Vanquished Creatures
  2 adders (D:2)
  A dart slug (D:2)
  A giant cockroach (D:2)
  4 goblins
  A hobgoblin (D:1)
  A bat (D:1)
  2 frilled lizards (D:2)
  4 kobolds
  4 rats
20 creatures vanquished.

Vanquished Creatures (collateral kills)
  Natasha (thrice) (D:2)
  Robin (D:2)
  2 gnolls (D:1)
  2 adders (D:2)
  2 oozes (D:2)
  2 worms (D:2)
  2 dart slugs (D:1)
  A leopard gecko (D:1)
  3 giant cockroaches
  12 goblins
  5 hobgoblins
  2 jackals (D:2)
  2 quokkas
  6 bats
  2 frilled lizards
  A kobold (D:1)
  2 rats
50 creatures vanquished.

Grand Total: 70 creatures vanquished

Notes
Turn   | Place    | Note
-------+----------+-------------------------------------------
     0 | D:1      | n0claF the Deep Elf Summoner began the quest for the Orb.
     0 | D:1      | Reached XP level 1. HP: 10/10 MP: 6/6
   484 | D:1      | Reached XP level 2. HP: 15/15 MP: 0/8
   937 | D:1      | Reached skill level 5 in Summonings
   947 | D:1      | Learned a level 2 spell: Call Imp
  1137 | D:1      | Reached XP level 3. HP: 18/19 MP: 6/9
  1396 | D:2      | Noticed Natasha
  1411 | D:2      | Killed Natasha
  1435 | D:2      | Learned a level 3 spell: Call Canine Familiar
  1637 | D:2      | Found a stormy altar of Qazlal.
  1682 | D:2      | Reached XP level 4. HP: 24/24 MP: 8/12
  1917 | D:2      | Noticed Natasha
  1928 | D:2      | Killed Natasha
  2018 | D:2      | Noticed Robin
  2021 | D:2      | Killed Robin
  2386 | D:2      | Reached skill level 1 in Polearms
  2667 | D:2      | Noticed Natasha
  2671 | D:2      | Killed Natasha
  2671 | D:2      | Reached XP level 5. HP: 27/28 MP: 5/13
  2724 | D:2      | Learned a level 4 spell: Summon Ice Beast
  2813 | D:3      | Noticed Ijyb
  2879 | D:3      | Killed from afar by Ijyb

Skill      XL: |  1  2  3  4 |
---------------+-------------+-----
Summonings     | 5 |  5.5
Spellcasting   | 4 |  4.4
Polearms       | 1 |  1.1
Stealth        | 3 |  3.0
Fighting       | |  0.7
Dodging        | |  2.6

Action                   |  1- 3 |  4- 6 || total
-------------------------+-------+-------++-------
Melee: Unarmed           |     5 |       ||     5
       Spear             |    51 |    64 ||   115
 Cast: Summon Small Mamm |    35 |     2 ||    37
       Call Imp          |     7 |     9 ||    16
       Call Canine Famil |     5 |    12 ||    17
 Stab: Sleeping          |     2 |     3 ||     5
       Distracted        |       |     1 ||     1
  Eat: Chunk             |     2 |     5 ||     7
Armor: Robe              |     8 |     3 ||    11
Dodge: Dodged            |    37 |    16 ||    53
